 Dungeon Crawl Stone Soup version 0.28.0-43-g3370ac3207 (webtiles) character file.

Game seed: 4233632181022346125

107 Faeu the Shield-Bearer (level 4, 0/41 HPs)
             Began as a Minotaur Fighter on Mar 23, 2022.
             Killed by divine providence
             ... invoked by an orc priest
              (13 damage)
             ... on level 3 of the Dungeon.
             The game lasted 00:06:35 (1964 turns).

Faeu the Shield-Bearer (Minotaur Fighter)           Turns: 1964, Time: 00:06:36

Health: 0/41       AC:  9    Str: 23    XL:     4   Next: 56%
Magic:  3/3        EV:  7    Int: 13    God:
Gold:   94         SH:  4    Dex:  9    Spells: 3/3 levels left

rFire   . . .      SeeInvis .   p - +3 hand axe of Figor {vorpal, *Noise rC+ Int+8, axe}
rCold   + . .      Faith    .   c - +0 buckler
rNeg    . . .      Spirit   .   r - +0 chain mail
rPois   .          Reflect  .   (helmet restricted)
rElec   .          Harm     .   (no cloak)
rCorr   .          Rampage  .   (no gloves)
Will    .....                   (no boots)
Stlth   ..........              (no amulet)
HPRegen 0.13/turn               (no ring)
MPRegen 0.08/turn               (no ring)

@: no status effects
A: horns 2, retaliatory headbutt
a: no special abilities


You were on level 3 of the Dungeon.
You visited 1 branch of the dungeon, and saw 3 of its levels.

You collected 94 gold pieces.


Innate Abilities, Weirdness & Mutations

You have a pair of horns on your head.
You reflexively headbutt those who attack you in melee.


   Skills:
 + Level 4.5 Fighting
 + Level 3.5 Long Blades
 + Level 4.5 Armour
 + Level 4.5 Shields


You had 3 spell levels left.
You didn't know any spells.
Your spell library contained the following spells:

 Spells                   Type           Power      Damage    Failure   Level
 Sandblast                Erth           0%         2d4       96%         1

Inventory:

Hand Weapons
 a - a +0 long sword {long}
 e - a +0 dagger of electrocution {short}
   (You found it on level 1 of the Dungeon)
 p - the +3 hand axe of Figor (weapon) {vorpal, *Noise rC+ Int+8, axe}
   (You found it on level 2 of the Dungeon)

   It inflicts extra damage upon your enemies.
   Int:       It affects your intelligence (+8).
   rC:        It protects you from cold.
   *Noise:    It may make noises in combat.
Missiles
 m - 4 poisoned darts (quivered) {throwing}
Armour
 b - a +0 scale mail
 c - a +0 buckler (worn)
 r - a +0 chain mail (worn)
   (You found it on level 3 of the Dungeon)
Scrolls
 g - 3 scrolls of identify {unknown}
 i - 2 scrolls of teleportation {unknown}
 l - a scroll of blinking {unknown}
 n - a scroll of fog {unknown}
 q - a scroll of enchant armour {unknown}
Potions
 d - a potion of might
 f - 2 potions of cancellation {unknown}
 h - 3 potions of degeneration {unknown}
 j - a potion of lignification {unknown}
 k - a potion of curing {unknown}
 o - a potion of attraction {unknown}

Dungeon Overview and Level Annotations

Branches:
Dungeon (3/15)

Altars:
Cheibriados

#..#.#.######.
#..#..<.......
#..###########
#.........
#.######## .#.
#.# ###+#....
#.# ###)....#
#.# #.o.....#
#.# #@#........
#.#
####.#....##..
#.#
#.###....#o...#
. #.#
#........#....#
#.#
#####....#....#
#.#
#####....#....#
#.#
#...#....#....#
#.# #...#....#
#.# #...##.#.#


You could see an orc priest.


Message History

You take 1 damage, and now have 28/33 hp.
You closely miss the kobold. You headbutt the kobold.
You kill the kobold!
You see here a +0 dagger {short}.
n - a scroll labelled ECUIJIM KUCO 😎 HP[+5]
o - a dark potion
Found a snail-covered altar of Cheibriados.
There is a snail-covered altar of Cheibriados here.
g - 2 scrolls labelled MUGEON FOROHO (gained 1)
g - 3 scrolls labelled MUGEON FOROHO (gained 1)
p - the +3 hand axe of Figor {vorpal, *Noise rC+ Int+8, axe}
q - a scroll labelled KAMUIR EPOXKA You feel clever.
p - the +3 hand axe of Figor (weapon)
{vorpal, *Noise rC+ Int+8, axe}
Things that are here:
a +0 club {mace}; 5 stones {throwing} You now have 94 gold pieces (gained 5).
Done exploring.
You see here a +0 hunting sling {sling}.
Done exploring.
(D) Dungeon
Where to? (Enter - D:2, ? - help)
There is an open door here.
There is a stone staircase leading down here.
You climb downwards.
There is a stone staircase leading up here.
You see here 25 sling bullets.
As you open the door, it creaks loudly!
You hear a shout! x3
An orc wizard and an orc priest come into view.
The orc priest shouts!
You hear a shout!
There is an open door here.
You see here a +0 chain mail.
There is an open door here.
The orc priest invokes the aid of Beogh against you.
Pain shoots through your body! 😮 HP[-14]
You take 14 damage, and now have 19/33 hp.
MASSIVE DAMAGE!! (PAUSE)
You block the orc priest's attack.
The orc wizard gestures wildly while chanting.
The orc wizard flickers and vanishes!
Deactivating autopickup; reactivate with Ctrl-A.
You miss something. You headbutt something!
The orc priest begins to cast a cantrip, but forgets the words!
You hear some strange, mumbled words.
A magic dart appears from out of thin air!
The magic dart hits you. 😮 HP[-2]
You take 2 damage, and now have 17/33 hp.
You barely miss something. The orc priest closely misses you.
You block something's attack.
The orc priest hits you but does no damage. 😮 HP[+1]
You hit something.
Reactivating autopickup.
You feel a bit more experienced. You block the orc priest's attack.
You have reached level 4!
You feel stronger. 😮 HP[+4] MP[+1]
You now have 41 max hp (+8).
You regained 4 hp, and now have 22/41 hp.
Your mp is fully restored (3).
The orc priest hits you but does no damage.
There is an open door, spattered with blood here.
Things that are here:
a +0 dagger {short}; a +0 robe; an orc corpse You hit the orc priest.
You headbutt the orc priest!
You kill the orc priest!
You see here a +0 trident {polearm}. 😮 HP[+1]
You see here a +0 chain mail.
r - a +0 chain mail You start removing your armour.
You continue taking off your +0 scale mail. x4
You finish taking off your +0 scale mail.
You start putting on your armour.
You continue putting on your +0 chain mail.
Keep equipping yourself? [Y]es or [N]o only, please.
Keep equipping yourself?
You continue putting on your +0 chain mail.
The orc priest shouts!
You continue putting on your +0 chain mail.
The orc priest calls down the wrath of Beogh upon you.
Beogh smites you!
* * * LOW HITPOINT WARNING * * *
You continue putting on your +0 chain mail. x2
You finish putting on your +0 chain mail. 😨 HP[-11]
You take 11 damage, and now have 12/41 hp.
MASSIVE DAMAGE!! (PAUSE)
There is an open door, spattered with blood here.
Things that are here:
a +0 dagger {short}; a +0 robe; an orc corpse 😨 HP[+1]
You barely miss the orc priest.
The orc priest invokes the aid of Beogh against you.
Beogh smites you!
You die...

Skill      XL: |  1  2 |
---------------+-------+-----
Fighting       | 4 |  4.5
Shields        | 4 |  4.5
Armour         | 4 |  4.5
Long Blades    | 3 |  3.5

Action                   |  1- 3 |  4- 6 || total
-------------------------+-------+-------++-------
Melee: Long sword        |    76 |       ||    76
       Headbutt          |    11 |     1 ||    12
       Hand axe          |     3 |     2 ||     5
Armor: Scale mail        |    44 |     1 ||    45
Dodge: Dodged            |    44 |       ||    44
Block: Buckler           |    23 |       ||    23

Levels and vault maps discovered:
D:1:      giann_forest_graveyard, layout_loops_ring,
          shapermc_ecumenical_altar_rom_forum, minmay_misc_feat_encased,
          serial_bayou_pond_e, minmay_pentomino_o4
D:2:      layout_basic, basic_altar
D:3:      layout_basic, mainiacjoe_overflow_24_doors

Notes
Turn   | Place    | Note
-------+----------+-------------------------------------------
     0 | D:1      | Faeu the Minotaur Fighter began the quest for the Orb.
     0 | D:1      | Reached XP level 1. HP: 19/19 MP: 0/0
     0 | D:1      | magus.rc [v1.9.6]
   227 | D:1      | Found a faded altar of an unknown god.
   243 | D:1      | Reached XP level 2. HP: 25/27 MP: 1/1
   339 | D:1      | Got Plato's Guide on Clay
   648 | D:1      | Reached skill level 4 in Fighting
   648 | D:1      | Reached skill level 4 in Shields
   659 | D:1      | Reached skill level 4 in Armour
   661 | D:1      | Reached skill level 3 in Long Blades
   707 | D:1      | Reached XP level 3. HP: 24/33 MP: 2/2
  1517 | D:2      | Found a snail-covered altar of Cheibriados.
  1586 | D:2      | Identified the +3 hand axe of Figor {vorpal, *Noise rC+
                  | Int+8}
  1941 | D:3      | Reached XP level 4. HP: 22/41 MP: 3/3
  1964 | D:3      | Killed from afar by an orc priest

Vanquished Creatures
  An orc priest (D:3)
  An orc wizard (D:3)
  An adder (D:2)
  4 ball pythons
  2 bats (D:1)
  5 endoplasms (D:1)
  2 giant cockroaches (D:1)
  A goblin (D:1)
  A hobgoblin (D:2)
  4 jackals (D:1)
  5 quokkas
  2 frilled lizards
  8 kobolds
  5 rats (D:1)
42 creatures vanquished.

Table legend:
 A = Non-vault XP
 B = Vault XP
 C = Vault XP percentage of total XP
 D = Non-vault monster count
 E = Vault monster count
 F = Vault count percentage of total count
                 A         B        C        D         E       F
            +---------+---------+-------+---------+---------+-------
      Total |     146 |       7 |   4.6 |      38 |       4 |   9.5
            +---------+---------+-------+---------+---------+-------
        D:1 |      46 |       7 |  13.2 |      28 |       4 |  12.5
        D:2 |      22 |       0 |   0.0 |       8 |       0 |   0.0
        D:3 |      78 |       0 |   0.0 |       2 |       0 |   0.0
            +---------+---------+-------+---------+---------+-------

Illustrated notes

Table legend:
 A = Kills in this place as a percentage of kills in entire the game.
 B = Kills by you in this place as a percentage of kills by you in the entire game.
 C = Kills by friends in this place as a percentage of kills by friends in the entire game.
 D = Other kills in this place as a percentage of other kills in the entire game.
 E = Experience gained in this place as a percentage of experience gained in the entire game.
 F = Experience gained in this place divided by the number of levels of this place that you have seen.
                   A       B       C       D       E      F
               +-------+-------+-------+-------+-------+----------------------
         Total | 100.0 | 100.0 |   N/A |   N/A | 100.0 |  51.0
       Dungeon | 100.0 | 100.0 |   N/A |   N/A | 100.0 |  51.0
               +-------+-------+-------+-------+-------+----------------------

Table legend: (Time is in decaauts)
 A = Elapsed time spent in this place.
 B = Non-inter-level travel time spent in this place.
 C = Inter-level travel time spent in this place.
 D = Time resting spent in this place.
 E = Time spent auto-exploring this place.
 F = Levels seen in this place.
 G = Mean time per level.
                   A        B        C        D        E       F      G
               +--------+--------+--------+--------+--------+-----+--------+
         Total |   1987 |   1942 |     45 |      0 |   1481 |   3 |  662.3 |
       Dungeon |   1987 |   1942 |     45 |      0 |   1481 |   3 |  662.3 |
               +--------+--------+--------+--------+--------+-----+--------+

Top non-repeatable levels by time:
     D:1: 1008 daAuts
     D:2: 842 daAuts
     D:3: 136 daAuts
